 Dungeon Crawl Stone Soup version 0.30-a0-996-ga6910c8ee8 (webtiles) character file.

Game seed: 5914709154822677494

94 mandoloar the Insei (level 4, -4/29 HPs)
             Began as an Octopode Transmuter on Apr 4, 2023.
             Slain by Sigmund
             ... wielding a +0 scythe
              (7 damage)
             ... on level 3 of the Dungeon.
             The game lasted 00:09:10 (3250 turns).

mandoloar the Insei (Octopode Transmuter)           Turns: 3250, Time: 00:09:10

Health: -4/29      AC:  1    Str: 15    XL:     4   Next: 63%
Magic:  7/7        EV: 13    Int: 17    God:
Gold:   110        SH:  0    Dex: 12    Spells: 1/8 levels left

rFire   x . .      SeeInvis .      - Unarmed
rCold   . . .      Faith    .    (no shield)
rNeg    + + +      Spirit   .    l - melded +1 hat
rPois   .          Reflect  .    (no amulet)
rElec   .          Rampage  .    e - ring of positive energy
rCorr   .                        m - ring "Mykh" {rF- rN++ Str+6}
Will    .....                    (no ring)
Stlth   +++                      (no ring)
HPRegen 0.24/turn                (no ring)
MPRegen 0.10/turn                (no ring)
                                 (no ring)
                                 (no ring)

@: appendages (expiring)
A: tentacle spike 3, almost no armour, amphibious, 8 rings, camouflage 1,
gelatinous body 1, (nimble swimmer 1), tentacles
a: End Transformation


You were on level 3 of the Dungeon.
One of your tentacles had grown a beastly spike.
You visited 1 branch of the dungeon, and saw 3 of its levels.

You collected 110 gold pieces.

Inventory:

Missiles
 f - 11 stones
 k - 3 javelins
Armour
 l - a +1 hat (melded)
Jewellery
 e - a ring of positive energy (left tentacle)
 m - the ring "Mykh" (right tentacle) {rF- rN++ Str+6}
   (You found it on level 2 of the Dungeon)

   [ring of strength]

   Str:       It affects your strength (+6).
   rF:        It makes you vulnerable to fire.
   rN:        It greatly protects you from negative energy.
Scrolls
 c - a scroll of teleportation {unknown}
 d - 4 scrolls of identify {unknown}
 j - a scroll of fear {unknown}
 n - a scroll of fog {unknown}
 p - a scroll of poison {unknown}
Potions
 a - 4 potions of lignification
 b - 4 potions of curing {unknown}
 g - 2 potions of degeneration {unknown}
 h - a potion of ambrosia {unknown}
 i - a potion of invisibility {unknown}
 o - 3 potions of heal wounds {unknown}
 q - a potion of berserk rage {unknown}


   Skills:
 + Level 1.9 Fighting
 + Level 2.6 Dodging
 + Level 1.8 Stealth
 + Level 3.4 Unarmed Combat
 + Level 2.5 Spellcasting
 + Level 2.5 Transmutations
 + Level 0.2 Ice Magic


You had one spell level left.
You knew the following spells:

 Your Spells              Type           Power      Damage    Failure   Level
a - Beastly Appendage     Tmut           20%        N/A       6%          1
b - Wereblood             Tmut           10%        N/A       10%         2
c - Ice Form              Ice/Tmut       6%         N/A       71%         4

Your spell library contained the following spells:

 Spells                   Type           Power      Damage    Failure   Level
 Necrotise                Necr           8%         1d4       19%         1
 Spider Form              Tmut/Pois      6%         N/A       32%         3
 Vampiric Draining        Necr           2%         2d6       50%         3
 Agony                    Necr           2%         N/A       99%         5


Dungeon Overview and Level Annotations

Branches:
Dungeon (3/15)

Altars:
Cheibriados
Kikubaaqudgha

Shops:
D:2 (

Annotations:
D:3 Pargi, Sigmund


Innate Abilities, Weirdness & Mutations

One of your tentacles has grown a beastly spike.
You cannot wear most types of armour.
You are amphibious.
You can wear up to eight rings at the same time.
Your skin changes colour to match your surroundings (Stealth+).
Your rubbery body absorbs attacks. (AC +1, EV +1)
((You are camouflaged when in or above water. (Stealth+)))
You have tentacles for arms and can constrict up to eight enemies at once.


Message History

You tentacle-slap the worm. You grab the worm.
You pierce the worm.
You kill the worm!
You start resting.
Your transformation is almost over.
Magic restored.
You start resting.
Your tentacle spike disappears.
Your +1 hat unmelds from your body.
HP restored.
q - a bubbling orange potion You open the door.
Sigmund the Dreaded comes into view.
He is wielding a +0 scythe.
Found a throwing net.
One of your tentacles grows a vicious spike.
Your +1 hat melds into your body.
There is an open door here.
Sigmund shouts!
Sigmund gestures wildly while chanting.
Sigmund flickers and vanishes!
Deactivating autopickup; reactivate with Ctrl-A.
You tentacle-slap something.
You pierce something.
You hear some strange, mumbled words.
Something tries to affect you, but you resist.
You tentacle-slap something.
You hear some strange, mumbled words.
A puff of flame appears from out of thin air!
The puff of flame hits you! The fire burns you terribly!
You closely miss something.
Your tentacle spike misses something.
You hear some strange, mumbled words.
A magic dart appears from out of thin air!
The magic dart hits you!
You closely miss something.
Your tentacle spike misses something.
Something hits you!
* * * LOW HITPOINT WARNING * * *
You tentacle-slap something.
Your tentacle spike misses something.
Your transformation is almost over.
Okay, then.
You closely miss something.
Your tentacle spike misses something.
Something hits you!
You die...

........##.###..#
#.......#
#+#.....##..>..##
#.......#
#.....####'###
####+##...
#.....+.....# .#.
.......##....# .
........##....#
...###+###.#'##
#..#.# #.##@#
#.##{# #.##.#
#.##(# #.##.#
#.##.# #.##.# ..#


There were no monsters in sight!

Vanquished Creatures
  A gnoll (D:1)
  2 adders (D:3)
  A worm (D:3)
  A dart slug (D:1)
  4 orcs (D:3)
  4 ball pythons
  6 endoplasms
  A giant cockroach (D:3)
  3 goblins
  6 hobgoblins
  4 jackals (D:3)
  4 kobolds
  3 quokkas
  4 bats
  4 frilled lizards (D:1)
  3 rats
51 creatures vanquished.

Vanquished Creatures (others)
  A human (D:3)
1 creature vanquished.

Grand Total: 52 creatures vanquished

Notes
Turn   | Place    | Note
-------+----------+-------------------------------------------
     0 | D:1      | mandoloar the Octopode Transmuter began the quest for the
                  | Orb.
     0 | D:1      | Reached XP level 1. HP: 13/13 MP: 3/3
   205 | D:1      | Reached XP level 2. HP: 15/18 MP: 3/5
   680 | D:1      | Reached skill level 1 in Stealth
   762 | D:1      | Reached XP level 3. HP: 10/23 MP: 4/6
   853 | D:1      | Learned a level 2 spell: Wereblood
  2239 | D:2      | Identified the ring "Mykh" {rF- rN++ Str+6}
  2506 | D:2      | Found Uvifivul's Antique Weapon Boutique.
  2644 | D:3      | Found an ancient bone altar of Kikubaaqudgha.
  2645 | D:3      | Noticed a human
  2648 | D:3      | Killed a human
  2880 | D:3      | Noticed Pargi
  2955 | D:3      | Reached XP level 4. HP: 22/29 MP: 5/7
  2965 | D:3      | Learned a level 4 spell: Ice Form
  3025 | D:3      | Found a snail-covered altar of Cheibriados.
  3240 | D:3      | Noticed Sigmund
  3250 | D:3      | Slain by Sigmund

Illustrated notes

Levels and vault maps discovered:
D:1:      matt_arrival_los_fun, layout_basic, minmay_tetromino_t2
D:2:      layout_loops_corners, serial_shops, shop, serial_rivers,
          chequers_serial_rivers_small_3, chequers_serial_rivers_micro_d,
          chequers_serial_rivers_large_a, chequers_serial_rivers_large_b,
          chequers_serial_rivers_micro_b, chequers_serial_rivers_micro_d,
          minmay_cut_off
D:3:      layout_basic, tgw_kikubaaqudgha, mainiacjoe_overflow_brackets,
          minmay_pentangle, uniq_sigmund, uniq_pargi

Skill      XL: |  1  2 |
---------------+-------+-----
Stealth        | 1 |  1.8
Fighting       | |  1.9
Dodging        | |  2.6
Unarmed Combat | |  3.4
Spellcasting   | |  2.5
Transmutations | |  2.5
Ice Magic      | |  0.2

Action                     |  1- 3 |  4- 6 || total
---------------------------+-------+-------++-------
  Melee: Unarmed           |    81 |    31 ||   112
         Kick              |    28 |    11 ||    39
         Constrict         |    19 |     9 ||    28
         Tentacles         |    11 |     5 ||    16
         Punch             |     1 |     3 ||     4
  Throw: Stone             |       |     1 ||     1
   Cast: Beastly Appendage |    31 |     5 ||    36
         Wereblood         |       |     1 ||     1
   Stab: Sleeping          |     5 |       ||     5
 Armour: Skin              |    17 |     2 ||    19
  Dodge: Dodged            |    59 |     8 ||    67

Table legend: (Time is in decaauts)
 A = Elapsed time spent in this place.
 B = Non-inter-level travel time spent in this place.
 C = Inter-level travel time spent in this place.
 D = Time resting spent in this place.
 E = Time spent auto-exploring this place.
 F = Levels seen in this place.
 G = Mean time per level.
                   A        B        C        D        E       F      G
               +--------+--------+--------+--------+--------+-----+--------+
         Total |   3242 |   3083 |    159 |    760 |   1728 |   3 | 1080.7 |
       Dungeon |   3242 |   3083 |    159 |    760 |   1728 |   3 | 1080.7 |
               +--------+--------+--------+--------+--------+-----+--------+

Top non-repeatable levels by time:
     D:2: 1298 daAuts
     D:1: 1242 daAuts
     D:3: 701 daAuts
